 Dungeon Crawl Stone Soup version 0.13-a0-3060-g5a62039 (webtiles) character file.

441 Econoterrorist the Insei (level 6, -3/46 HPs)
             Began as a Demonspawn Monk on Sept 15, 2013.
             Slain by a worm (5 damage)
             ... while paralysed by a potion of paralysis
             ... on Level 5 of the Dungeon.
             The game lasted 00:14:52 (4309 turns).

Econoterrorist the Insei (Demonspawn Monk)          Turns: 4309, Time: 00:14:52

HP  -3/46        AC  4     Str 12      XL: 6   Next: 23%
MP   5/5         EV  2     Int 10 (13) God:
Gold 117         SH  0     Dex 15      Spells:  0 memorised,  5 levels left

Res.Fire  : . . .   See Invis. : .     - Unarmed
Res.Cold  : . . .   Warding    : .   y - +0 robe (curse)
Life Prot.: + . .   Conserve   : .   (no shield)
Res.Poison: .       Res.Corr.  : .   (helmet restricted)
Res.Elec. : .       Clarity    : .   g - +0 cloak
Sust.Abil.: . .     Spirit.Shd : .   (no gloves)
Res.Mut.  : .       Stasis     : .   (no boots)
Res.Rott. : .       Flight     : .   (no amulet)
Saprovore : . . .                    (no ring)
                                     i - ring of positive energy {unknown}

@: paralysed, quite poisoned, slightly resistant to hostile enchantments,
stealthy
A: antennae 1, demonic guardian 1, powered by death 1, AC +1
a: no special abilities


You were on level 5 of the Dungeon.
You were not hungry.

You visited 1 branch of the dungeon, and saw 5 of its levels.

You collected 117 gold pieces.

Inventory:

Armour
 g - a +0 cloak (worn)
 y - a cursed +0 robe (worn)
Comestibles
 b - 6 bread rations
 c - a pear
 f - a meat ration
 p - 2 chokos
Scrolls
 a - a scroll of enchant weapon I {unknown}
 e - a scroll of noise {unknown}
 h - 2 scrolls of fear {unknown}
 j - 2 scrolls of amnesia {unknown}
 k - 3 scrolls of identify {unknown}
 l - 2 scrolls of enchant armour {unknown}
 m - a scroll of curse armour {unknown}
 o - a scroll of teleportation {unknown}
 r - 2 scrolls of remove curse {unknown}
 w - a scroll of fog {unknown}
Jewellery
 i - a ring of positive energy (left hand) {unknown}
Potions
 d - a potion of curing {unknown}
 n - a potion of slowing {unknown}
 q - a potion of berserk rage {unknown}
 s - a potion of magic {unknown}
 u - a potion of flight {unknown}
 v - a potion of paralysis
 x - a potion of might {unknown}
Miscellaneous
 t - a plain deck of defence


   Skills:
 - Level 3.0 Fighting
 - Level 2.6 Dodging
 + Level 4.8 Stealth
 + Level 5.4 Unarmed Combat


You had 5 spell levels left.
You didn't know any spells.

Dungeon Overview and Level Annotations

Branches:
Dungeon (5/27)
 Temple: D:4-7

Altars:
Nemelex Xobeh

Annotations:
D:5 Blork the orc


Innate Abilities, Weirdness & Mutations

You have a pair of small antennae on your head.
You are partially covered in icy blue scales (AC +1).
A weak demonic guardian rushes to your aid.
You can steal the life force of nearby defeated enemies.


Message History

The worm bites you.
Found an orcish leather armour.
You barely miss the scorpion.
The scorpion is moderately wounded.
The worm bites you!
* * * LOW HITPOINT WARNING * * *
The scorpion barely misses you.
Drink which item? (? for menu, Esc to quit)
You suddenly lose the ability to move!
It was a potion of paralysis.
The scorpion stings you.
* * * LOW HITPOINT WARNING * * *
You are poisoned.
The scorpion poisons you!
* * * LOW HITPOINT WARNING * * *
You feel sick. The worm bites you but does no damage. The scorpion stings you.
* * * LOW HITPOINT WARNING * * *
You are more poisoned.
The scorpion poisons you!
Your iron imp hits the scorpion!
The worm bites you.
You die...

#.#.#.#.#.#.#.##.....
.............## .....
..#.#.#.#.#.#.# ##..
#...........## #
#.#.#.#.#.#.#
#.........###
#.#.#.#.#...##
##.......5w..###
#####....s@...#
#....#....#
#.......#......#
......#####....#
....... #..[# .##...
.... .... .. ... .


You could see a worm, a scorpion and a friendly iron imp.

Vanquished Creatures
  A scorpion (D:4)
  2 worker ants
  2 adders
  An inept feature mimic (D:4)
  3 giant geckos
  An ooze (D:1)
  2 orcs
  9 bats
  4 giant cockroaches
  6 goblins
  5 hobgoblins
  2 ball pythons
  4 giant newts
  A goblin skeleton (D:4)
  6 kobolds
  An orc skeleton (D:4)
  8 rats
58 creatures vanquished.

Vanquished Creatures (collateral kills)
  2 ogres
  A hound (D:4)
  A worker ant (D:4)
  2 orcs
  A rat (D:4)
7 creatures vanquished.

Vanquished Creatures (others)
  An iron imp (D:4)
  2 lemures (D:4)
  3 white imps (D:4)
6 creatures vanquished.

Grand Total: 71 creatures vanquished

Notes
Turn   | Place    | Note
--------------------------------------------------------------
     0 | D:1      | Econoterrorist, the Demonspawn Monk, began the quest for the Orb.
     0 | D:1      | Reached XP level 1. HP: 16/16 MP: 0/0
   448 | D:1      | Gained mutation: A weak demonic guardian rushes to your aid. [demonic ancestry]
   448 | D:1      | Reached XP level 2. HP: 22/22 MP: 1/1
  1249 | D:2      | Reached skill level 4 in Unarmed Combat
  1484 | D:2      | Reached XP level 3. HP: 15/28 MP: 2/2
  2352 | D:3      | Found a sparkling altar of Nemelex Xobeh.
  2637 | D:3      | HP: 1/28 [poisoned by a kobold]
  3258 | D:4      | Noticed an ogre
  3274 | D:4      | HP: 1/28 [rat (3)]
  3319 | D:4      | Killed an ogre
  3319 | D:4      | Gained mutation: You have a pair of small antennae on your head. [demonic ancestry]
  3319 | D:4      | Reached XP level 4. HP: 4/34 MP: 3/3
  3658 | D:4      | Gained mutation: You can steal the life force of nearby defeated enemies. [demonic ancestry]
  3658 | D:4      | Reached XP level 5. HP: 39/39 MP: 4/4
  3751 | D:4      | Reached skill level 5 in Unarmed Combat
  4156 | D:5      | Entered Level 5 of the Dungeon
  4165 | D:5      | Noticed an ogre
  4174 | D:5      | Killed an ogre
  4174 | D:5      | Gained mutation: You are partially covered in icy blue scales (AC +1). [demonic ancestry]
  4174 | D:5      | Reached XP level 6. HP: 30/46 MP: 5/5
  4276 | D:5      | Noticed Blork the orc
  4307 | D:5      | Paralysed by a potion of paralysis for 6 turns
  4308 | D:5      | HP: 2/46 [scorpion (2)]
  4309 | D:5      | Slain by a worm

Action                   |  1- 3 |  4- 6 || total
-------------------------+-------+-------++-------
Melee: Unarmed           |   158 |   108 ||   266
       Club              |     2 |       ||     2
  Use: Potion            |     3 |     1 ||     4
 Stab: Sleeping          |     8 |     1 ||     9
       Distracted        |     1 |       ||     1
